 Dungeon Crawl Stone Soup version 0.26.1-11-gd32895ea62 (webtiles) character file.

Game seed: 7013683431143083848

177 sankara the Firebug (level 5, 0/38 HPs)
             Began as a Draconian Fire Elementalist on May 26, 2021.
             Was an Initiate of Vehumet.
             Slain by an orc
             ... wielding a +0 trident
              (8 damage)
             ... on level 5 of the Dungeon.
             The game lasted 00:21:38 (5251 turns).

sankara the Firebug (Draconian Fire Elementalist)   Turns: 5251, Time: 00:21:38

Health: 0/38       AC:  7    Str: 10    XL:     5   Next: 30%
Magic:  27/28      EV: 12    Int: 17    God:    Vehumet [......]
Gold:   57         SH:  0    Dex: 13    Spells: 2/10 levels left

rFire    + . .     SeeInvis .   a - +0 dagger
rCold    . . .     Faith    .   (no shield)
rNeg     . . .     Spirit   .   (armour unavailable)
rPois    .         Reflect  .   (helmet restricted)
rElec    .         Harm     .   x - +1 cloak
rCorr    .         Rampage  .   (no gloves)
Will     .....                  (no boots)
Stlth    ++........             (no amulet)
HPRegen  0.12/turn              s - ring of magical power
MPRegen  0.21/turn              c - ring of magical power

@: mighty, about to teleport, attractive
A: unfitting armour, agile 1, blink, fire resistance 1, high mp 1, cold-blooded,
AC +5
a: Blink, Renounce Religion


You were on level 5 of the Dungeon.
You worshipped Vehumet.
Vehumet was noncommittal.
You visited 2 branches of the dungeon, and saw 6 of its levels.

You collected 261 gold pieces.
You spent 204 gold pieces at shops.

Inventory:

Hand Weapons
 a - a +0 dagger (weapon)
Missiles
 e - 199 stones
 y - 10 poisoned darts
Armour
 x - a +1 cloak (worn)
Jewellery
 c - a ring of magical power (right hand)
 f - an uncursed ring of positive energy
 s - a ring of magical power (left hand)
 w - an uncursed ring of resist corrosion
Wands
 t - a wand of paralysis (4)
Scrolls
 b - 2 scrolls of teleportation
 h - a scroll of magic mapping
 i - a scroll of remove curse
 j - a scroll of noise
 l - a scroll of enchant armour
Potions
 d - a potion of magic
 g - a potion of resistance
 m - a potion of flight
 p - 2 potions of haste
 r - a potion of ambrosia
 v - 3 potions of attraction


   Skills:
 - Level 1.0 Short Blades
 - Level 2.0 Dodging
 - Level 2.0 Stealth
 - Level 3.0 Spellcasting
 + Level 3.0 Conjurations
 + Level 4.2 Fire Magic


You had 2 spell levels left.
You knew the following spells:

 Your Spells              Type           Power        Failure   Level
a - Foxfire               Conj/Fire      56%          4%          1
b - Conjure Flame         Conj/Fire      14%          12%         3
c - Sticky Flame          Conj/Fire      14%          36%         4

Your spell library contained the following spells:

 Spells                   Type           Power        Failure   Level
 Inner Flame              Hex/Fire       9%           22%         3
 Fireball                 Conj/Fire      7%           73%         5


Dungeon Overview and Level Annotations

Branches:
Dungeon (5/15)             Temple (1/1) D:4

Altars:
Ashenzari
Cheibriados
Dithmenos
Elyvilon
Fedhas
Makhleb
Nemelex Xobeh
Okawaru
Qazlal
Ru
Sif Muna
Uskayaw
Vehumet
Wu Jian
Xom
Yredelemnul
Zin
The Shining One

Shops:
D:4 **?!

Annotations:
D:4 exclusion: downstairs
D:5 exclusions: lemure, sky beast and 2 more exclusions


Innate Abilities, Weirdness & Mutations

Your plain brown scales are hard. (AC +5)
You cannot fit into any form of body armour.
You are cold-blooded and may be slowed by cold attacks.
You are agile. (Dex +2)
You can translocate small distances at will.
Your flesh is heat resistant. (rF+)
You have an increased reservoir of magic. (+10% MP)


Message History

You feel attractive to monsters. The orc priest is pulled toward you!
It was a potion of might.
You feel very mighty all of a sudden.
You feel better.
Your surroundings suddenly seem different.
An orc wizard comes into view. It is wielding a -1 dagger.
The orc priest is pulled toward you! The orc wizard is pulled toward you!
The orc is pulled toward you! x5
Found 7 gold pieces and a spear. 5 orcs and an orc priest come into view.
As you read the scroll of teleportation, it crumbles to dust.
You feel strangely unstable.
The orc shouts!
You hear a shout!
The orc priest miscasts a cantrip.
You blink.
An orc wizard comes into view. It is wielding a +0 dagger.
The orc wizard shouts!
The orc hits you from afar with a +0 trident!
You die...

*,,,,,,* #.....[.
******** #.......
########## #.#'####
#....)...# #.#.####
#........# #.#.....
#...$....# #.######
#........# #^# *,,,
#..o.....# #.# *,**
#..o@....# #.# *,,,
#..o.....##**#+#**,,,
#.o§oo......,,,,,,,,_
#...o.......,,,,,,,,,
#...........,,,,,,,,,
########....,,,,,,,**
*....,,,,,,,*
*,o..,,,,,,,*
*,,,,,,,,,,,*


You could see an orc priest, 2 orc wizards and 5 orcs.

Vanquished Creatures
  A worker ant (D:4)
  A worker ant zombie (D:5)
  5 adders
  An ooze (D:2)
  2 dart slugs
  3 leopard geckos
  8 orcs
  A ball python (D:2)
  8 giant cockroaches
  6 goblins
  8 hobgoblins
  3 jackals
  10 kobolds
  2 quokkas (D:3)
  5 bats
  5 frilled lizards
  7 rats
76 creatures vanquished.

Vanquished Creatures (others)
  251 foxfires
251 creatures vanquished.

Grand Total: 327 creatures vanquished

Notes
Turn   | Place    | Note
-------+----------+-------------------------------------------
     0 | D:1      | sankara the Draconian Fire Elementalist began the quest for
                  | the Orb.
     0 | D:1      | Reached XP level 1. HP: 14/14 MP: 3/3
   278 | D:1      | Reached XP level 2. HP: 20/20 MP: 0/5
  1101 | D:2      | Reached skill level 1 in Short Blades
  1226 | D:2      | Reached XP level 3. HP: 26/26 MP: 4/6
  1232 | D:2      | Learned a level 3 spell: Conjure Flame
  1525 | D:2      | Found a faded altar of an unknown god.
  2272 | D:3      | Reached XP level 4. HP: 30/33 MP: 2/7
  2357 | D:3      | Learned a level 4 spell: Sticky Flame
  3404 | D:4      | Found Goubeyga's General Store.
  3406 | D:4      | Found a staircase to the Ecumenical Temple.
  3408 | D:4      | Found Ciebloi's Distillery.
  3408 | D:4      | Found Koajom's Assorted Antiques.
  3409 | D:4      | Found Cyhal's Magic Scroll Shop.
  3420 | Temple   | Entered the Ecumenical Temple
  3619 | Temple   | Became a worshipper of Vehumet
  3647 | D:4      | Gained mutation: You can translocate small distances at
                  | will. [potion of mutation]
  3647 | D:4      | Gained mutation: You have an increased reservoir of magic.
                  | (+10% MP) [potion of mutation]
  3647 | D:4      | Gained mutation: You are agile. (Dex +2) [potion of
                  | mutation]
  3647 | D:4      | Gained mutation: Your flesh is heat resistant. (rF+)
                  | [potion of mutation]
  3649 | D:4      | HP: 1/33 [poisoned by a worker ant]
  3899 | D:4      | Bought a cursed ring of magical power for 204 gold pieces
  4122 | D:4      | Reached skill level 4 in Fire Magic
  4125 | D:4      | Reached XP level 5. HP: 28/38 MP: 10/10
  4457 | D:4      | Found a shimmering blue altar of Sif Muna.
  4643 | D:5      | Entered Level 5 of the Dungeon
  4643 | D:5      | Noticed a sky beast
  4845 | D:5      | Noticed a lemure
  4894 | D:5      | Noticed a lemure
  4894 | D:5      | Noticed a lemure
  5251 | D:5      | Slain by an orc

Illustrated notes

Levels and vault maps discovered:
D:1:      dpeg_arrival_long_road, layout_loops_ring, minmay_misc_feat_cross,
          minmay_misc_feat_columns, minmay_misc_feat_encased
D:2:      layout_basic, chequers_ecumenical_altar_simple
D:3:      layout_basic
D:4:      layout_rooms, minmay_temple_entry_statues, kennysheep_nub,
          minmay_shop_grid_forest, lemuel_blue_sif_altar
D:5:      layout_basic, fedhas_altar_3, uniq_pikel
Temple:   eino_narrow_crystal_temple

Skill      XL: |  1  2  3  4  5 |
---------------+----------------+-----
Short Blades   | 1 |  1.0
Dodging        | 2 |  2.0
Stealth        | 2 |  2.0
Conjurations   | 2 3 |  3.0
Spellcasting   | 3 |  3.0
Fire Magic     | 4 |  4.2

Action                   |  1- 3 |  4- 6 || total
-------------------------+-------+-------++-------
Melee: Dagger            |    10 |    13 ||    23
       Tailslap          |     2 |     2 ||     4
 Cast: Foxfire           |    69 |    81 ||   150
       Conjure Flame     |       |     5 ||     5
 Abil: Blink             |       |     3 ||     3
  Use: Potion            |       |     7 ||     7
       Scroll            |       |    12 ||    12
 Stab: Sleeping          |     1 |     1 ||     2
Armor: Skin              |     1 |     9 ||    10
Dodge: Dodged            |     6 |    40 ||    46
